 Dungeon Crawl Stone Soup version 0.25.0-11-g1f837a76a1 (webtiles) character file.

Game seed: 15679014624753736544

88 protoss039 the Magician (level 4, -9/24 HPs)
             Began as a Deep Elf Earth Elementalist on June 28, 2020.
             Killed by nerve-wracking pain
             ... invoked by Grinder
              (12 damage)
             ... while paralysed by Grinder
             ... on level 3 of the Dungeon.
             The game lasted 00:07:36 (2894 turns).

protoss039 the Magician (DEEE)                      Turns: 2894, Time: 00:07:37

Health: -9/24      AC:  5    Str:  5    XL:     4   Next: 29%
Magic:  19/21      EV:  2    Int: 21    God:
Gold:   168        SH:  0    Dex: 15    Spells: 6/12 levels left

rFire    . . .     SeeInvis .   f - +0 dagger
rCold    . . .     Gourm    .   (no shield)
rNeg     . . .     Faith    .   c - +0 robe
rPois    .         Spirit   .   (no helmet)
rElec    .         Reflect  .   (no cloak)
rCorr    .         Harm     .   (no gloves)
MR       .....                  n - +2 pair of boots {Stlth+}
Stlth    ++++......             (no amulet)
HPRegen  0.08/turn              j - ring of stealth
MPRegen  0.17/turn              q - ring of magical power

@: paralysed
A: no striking features
a: no special abilities


You were on level 3 of the Dungeon.
You were not hungry.

You visited 1 branch of the dungeon, and saw 3 of its levels.

You collected 168 gold pieces.

Inventory:

Hand Weapons
 f - a +0 dagger (weapon)
Missiles
 b - 93 stones (quivered)
Armour
 c - a +0 robe (worn)
 n - a +2 pair of boots of stealth (worn)
Jewellery
 j - a ring of stealth (left hand)
 q - a ring of magical power (right hand)
Scrolls
 a - 2 scrolls of magic mapping {unknown}
 e - a scroll of enchant weapon {unknown}
 g - 2 scrolls of blinking
 h - a scroll of remove curse
 i - a scroll of fear {unknown}
 o - a scroll of teleportation {unknown}
 p - 2 scrolls of amnesia {unknown}
 r - a scroll of enchant armour {unknown}
Potions
 k - 4 potions of stabbing {unknown}
 l - 2 potions of curing {unknown}
 m - 2 potions of lignification {unknown}
Comestibles
 d - 7 rations


   Skills:
 - Level 2.4 Dodging
 - Level 2.4 Stealth
 + Level 4.9 Spellcasting
 + Level 1.1 Transmutations
 + Level 4.6 Earth Magic


You had 6 spell levels left.
You knew the following spells:

 Your Spells              Type           Power        Failure   Level  Hunger
a - Sandblast             Erth           ###...       1%          1    None
b - Passwall              Tmut/Erth      ###.....     4%          2    None
c - Stone Arrow           Conj/Erth      ##....       13%         3    ##.....

Your spell library contained the following spells:

 Spells                   Type           Power        Failure   Level  Hunger
 Petrify                  Tmut/Erth      ###.....     32%         4    ####...
 Lee's Rapid Deconstruct  Erth           ###.......   41%         5    #####..


Dungeon Overview and Level Annotations

Branches:
Dungeon (3/15)

Altars:
Fedhas
Uskayaw

Annotations:
D:3 Grinder


Message History

Grinder is moderately wounded.
b - 94 stones Grinder closely misses you.
Casting: Sandblast (safe; 1% risk of failure)
Confirm with . or Enter, or press ? or * to list all spells.
Aiming: Sandblast (safe; 1% risk of failure)
Press: ? - help, Shift-Dir - straight line, f/p - Grinder
Aim: Grinder (moderately wounded)
The blast of sand hits Grinder!
Grinder is heavily wounded.
b - 93 stones Grinder gestures at you.
You suddenly lose the ability to move!
Grinder hits you.
You writhe in agony.
* * * LOW HITPOINT WARNING * * *
Grinder hits you but does no damage. Grinder gestures at you.
Pain shoots through your body!
Ouch! That really hurt!
You die...

###########.###...##).#########
#...>.........##.##............
#.##############.######.######
#...##########....# #.##
#####.#........#.# $# #..#
....#.#.######.#.# .# ##.#
.##.#.#.....#....# .# #.# #
.##.#.##..#.#..####.######.# #
.##.#..)..#.#...@5)......#.## #
.##.#.........#.)#.#.#.#.#>.# #
.##.#.#.#.######.#.#.....##.##
# ....#........)...#.#
#.......# #
..###....#.#§#####.# #..##.#.##
# ........≈...≈§## #.#..
...#..# # ....##.≈≈≈.≈≈§§# #.#
#.####.### ###.##..≈...≈..###..
... #.... #...§...≈...≈.## ###
##.##


You could see Grinder.

Vanquished Creatures
  An adder (D:3)
  4 dart slugs
  3 leopard geckos (D:1)
  4 orcs (D:3)
  2 ball pythons
  4 giant cockroaches
  10 goblins
  8 hobgoblins
  2 quokkas (D:3)
  5 bats
  2 frilled lizards
  5 kobolds
  8 rats
58 creatures vanquished.

Notes
Turn   | Place    | Note
-------+----------+-------------------------------------------
     0 | D:1      | protoss039 the Deep Elf Earth Elementalist began the quest
                  | for the Orb.
     0 | D:1      | Reached XP level 1. HP: 10/10 MP: 6/6
   180 | D:1      | Reached XP level 2. HP: 11/15 MP: 6/8
   595 | D:1      | Reached XP level 3. HP: 14/19 MP: 3/10
  1165 | D:1      | Learned a level 2 spell: Passwall
  1219 | D:2      | Learned a level 3 spell: Stone Arrow
  2221 | D:3      | Found a hide-covered altar of Uskayaw.
  2376 | D:3      | Reached XP level 4. HP: 24/24 MP: 5/12
  2749 | D:3      | Found a blossoming altar of Fedhas.
  2885 | D:3      | Noticed Grinder
  2891 | D:3      | Paralysed by Grinder for 4 turns
  2894 | D:3      | Killed from afar by Grinder

Illustrated notes

Levels and vault maps discovered:
D:1:      lordsloth_arrival_two_stooges, layout_basic, minmay_misc_feat_rugged
D:2:      layout_basic, minmay_misc_feat_columns, hangedman_decor_riveting
D:3:      layout_basic, eat_drink_and_be_merry_uskayaw, lemuel_round_altar,
          kennysheep_doodads, uniq_grinder

Skill      XL: |  1  2  3 |
---------------+----------+-----
Earth Magic    | 4 |  4.6
Spellcasting   | 4 |  4.9
Dodging        | |  2.4
Stealth        | |  2.4
Transmutations | |  1.1

Action                   |  1- 3 |  4- 6 || total
-------------------------+-------+-------++-------
Melee: Dagger            |    47 |    19 ||    66
 Cast: Sandblast         |    48 |    11 ||    59
       Passwall          |     1 |       ||     1
  Use: Scroll            |       |     4 ||     4
 Stab: Sleeping          |     3 |     5 ||     8
  Eat: Chunk             |     4 |     2 ||     6
Armor: Robe              |    19 |     6 ||    25
Dodge: Dodged            |    40 |    13 ||    53
